 Dungeon Crawl Stone Soup version 0.29-a0-664-gff9cad4a3d (webtiles) character file.

Game seed: 6493749151948461356

432 frimble the Skirmisher (level 7, -5/56 HPs)
             Began as a Formicid Wanderer on June 23, 2022.
             Slain by a gnoll
             ... wielding a +0 flail
             ... led by a gnoll shaman
              (10 damage)
             ... on level 4 of the Dungeon.
             The game lasted 00:04:44 (3606 turns).

frimble the Skirmisher (Formicid Wanderer)          Turns: 3606, Time: 00:04:45

Health: -5/56      AC:  9    Str: 17    XL:     7   Next: 20%
Magic:  8/8        EV:  7    Int: 16    God:
Gold:   174        SH:  0    Dex: 19    Spells: 8/8 levels left

rFire   . . .      SeeInvis +   b - +8 hunting sling "Tattletale" {speed, rC+ Int+5 Dex+4 Stlth+}
rCold   + + .      Faith    .   (no shield)
rNeg    . . .      Spirit   .   m - +0 chain mail
rPois   .          Reflect  .   (helmet unavailable)
rElec   .          Harm     .   (no cloak)
rCorr   .          Rampage  .   (no gloves)
Will    .....                   (no boots)
Stlth   ..........              (no amulet)
HPRegen 0.18/turn               i - ring of protection from cold
MPRegen 0.11/turn               (no ring)

@: no status effects
A: permanent stasis, dig shafts and tunnels, antennae 3, four strong arms
a: Dig, Shaft Self


You were on level 4 of the Dungeon.
You visited 1 branch of the dungeon, and saw 4 of its levels.
You also visited: Sewer.

You collected 174 gold pieces.

Inventory:

Hand Weapons
 a - a +0 vorpal shortbow
 b - the +8 hunting sling "Tattletale" (weapon) {speed, rC+ Int+5 Dex+4 Stlth+}
   (You found it on level 4 of the Dungeon)

   Attacks with this weapon are significantly faster.
   Int:       It affects your intelligence (+5).
   Dex:       It affects your dexterity (+4).
   rC:        It protects you from cold.
   Stlth:     It makes you more stealthy.
 p - a +0 dagger of electrocution
 q - a +2 dagger of venom
Missiles
 k - a throwing net
Armour
 m - a +0 chain mail (worn)
Jewellery
 i - a ring of protection from cold (left hand)
Scrolls
 c - 3 scrolls of fear
 e - 2 scrolls of amnesia
 f - 4 scrolls of teleportation
 h - 5 scrolls of identify
 r - a scroll of enchant armour {unknown}
 s - a scroll of enchant weapon {unknown}
Potions
 d - 6 potions of flight
 g - a potion of haste {unknown}
 j - a potion of ambrosia {unknown}
 l - 7 potions of degeneration
 n - 2 potions of curing
 o - 2 potions of resistance {unknown}


   Skills:
 - Level 5.0 Fighting
 + Level 3.6 Slings
 - Level 2.9 Bows
 - Level 3.8 Armour
 - Level 1.1 Spellcasting
 - Level 1.2 Hexes
 - Level 1.1 Invocations
 - Level 2.1 Evocations


You had 8 spell levels left.
You didn't know any spells.
Your spell library contained the following spells:

 Spells                   Type           Power      Damage    Failure   Level
 Slow                     Hex            16%        N/A       89%         1
 Confusing Touch          Hex            4%         N/A       99%         3
 Conjure Ball Lightning   Conj/Air       0%         3x3d6     100%        6
 Discord                  Hex            2%         N/A       100%        8
 Disjunction              Tloc           0%         N/A       100%        8


Dungeon Overview and Level Annotations

Branches:
Dungeon (4/15)              Sewer (visited)
 Temple: D:4-7

Altars:
Fedhas
Makhleb
Uskayaw

Shops:
D:3 *


Innate Abilities, Weirdness & Mutations

You cannot be hasted, slowed, berserked, paralysed or teleported.
You can dig through walls and to a lower floor.
You have a pair of large antennae on your head. (SInv)
Your four strong arms can wield two-handed weapons with a shield.


Message History

You feel better. The gnoll hits you with a +0 flail.
* * * LOW HITPOINT WARNING * * *
Fire: b) +8 hunting sling "Tattletale" {speed, rC+ Int+5 Dex+4 Stlth+}
Press: ? - help, Q - select action, (/) - cycle Shift-Dir - straight line, f - gnoll
Aim: a gnoll, wielding a +0 flail (73% to hit)
You shoot a sling bullet. The sling bullet hits the gnoll.
The gnoll is lightly wounded.
The gnoll barely misses you.
Fire: b) +8 hunting sling "Tattletale" {speed, rC+ Int+5 Dex+4 Stlth+}
Press: ? - help, Q - select action, (/) - cycle Shift-Dir - straight line, f/p - gnoll
Aim: a gnoll, wielding a +0 flail (lightly wounded, 73% to hit)
You shoot a sling bullet.
The sling bullet barely misses the gnoll.
The gnoll completely misses you.
Fire: b) +8 hunting sling "Tattletale" {speed, rC+ Int+5 Dex+4 Stlth+}
Press: ? - help, Q - select action, (/) - cycle Shift-Dir - straight line, f/p - gnoll
Aim: a gnoll, wielding a +0 flail (lightly wounded, 73% to hit)
You shoot a sling bullet.
The sling bullet barely misses the gnoll.
The gnoll barely misses you.
Fire: b) +8 hunting sling "Tattletale" {speed, rC+ Int+5 Dex+4 Stlth+}
Press: ? - help, Q - select action, (/) - cycle Shift-Dir - straight line, f/p - gnoll
Aim: a gnoll, wielding a +0 flail (lightly wounded, 73% to hit)
You shoot a sling bullet.
The sling bullet barely misses the gnoll.
The gnoll hits you but does no damage. The gnoll hits you with a +0 flail.
* * * LOW HITPOINT WARNING * * *
Fire: b) +8 hunting sling "Tattletale" {speed, rC+ Int+5 Dex+4 Stlth+}
Press: ? - help, Q - select action, (/) - cycle Shift-Dir - straight line, f/p - gnoll
Aim: a gnoll, wielding a +0 flail (lightly wounded, 73% to hit)
You shoot a sling bullet.
The sling bullet closely misses the gnoll.
The gnoll barely misses you.
Fire: b) +8 hunting sling "Tattletale" {speed, rC+ Int+5 Dex+4 Stlth+}
Press: ? - help, Q - select action, (/) - cycle Shift-Dir - straight line, f/p - gnoll
Aim: a gnoll, wielding a +0 flail (lightly wounded, 73% to hit)
You shoot a sling bullet. The sling bullet hits the gnoll!
The gnoll is severely wounded.
The gnoll hits you with a +0 flail!
You die...

#..#########..#.........#
#..#≈≈≈≈≈≈≈≈≈≈#.........#
#..≈.≈≈.≈≈..≈##.........#
#...≈≈########......###'#
#....##..# ##.....#....
#....##..# #.....+....
#....##..# #######....
#........# .......
#......)@# ........
#....###g# ........
###### ... ........ .....
#+##.).. .....## #....
......# #... [......# #..
........#


You could see a gnoll.

Vanquished Creatures
  A gnoll shaman (D:4)
  Natasha (thrice) (D:3)
  Terence (D:2)
  Robin (D:3)
  6 adders
  6 gnolls
  5 river rats (Sewer)
  3 worms
  2 dart slugs (D:1)
  An orc (D:3)
  15 ball pythons
  14 bats
  11 endoplasms
  8 giant cockroaches
  14 goblins
  9 hobgoblins
  7 jackals
  8 kobolds
  4 quokkas
  3 frilled lizards
  10 rats
132 creatures vanquished.

Notes
Turn   | Place    | Note
-------+----------+-------------------------------------------
     0 | D:1      | frimble the Formicid Wanderer began the quest for the Orb.
     0 | D:1      | frimble set off with the following items: a +0 vorpal
                  | shortbow, a +0 ring mail, a scroll of fear; and the
                  | following spell memorised: Slow; and the following spells
                  | available to memorise: Confusing Touch.
     0 | D:1      | Reached XP level 1. HP: 13/13 MP: 2/2
   200 | D:1      | Reached XP level 2. HP: 20/20 MP: 3/3
   202 | D:1      | Reached skill level 1 in Fighting
   236 | D:1      | Reached skill level 2 in Fighting
   253 | D:1      | Reached XP level 3. HP: 27/27 MP: 4/4
   646 | D:2      | Reached skill level 3 in Fighting
   702 | D:2      | Noticed Terence
   712 | D:2      | Killed Terence
   713 | D:2      | Reached XP level 4. HP: 17/37 MP: 5/5
   986 | D:2      | Reached skill level 4 in Fighting
  1199 | D:2      | Found a faded altar of an unknown god.
  1207 | D:2      | Reached XP level 5. HP: 28/42 MP: 6/6
  1406 | D:3      | Noticed Robin
  1421 | D:3      | Killed Robin
  1422 | D:3      | Noticed Natasha
  1428 | D:3      | Killed Natasha
  1522 | D:3      | Noticed Natasha
  1524 | D:3      | Killed Natasha
  1888 | D:3      | Reached XP level 6. HP: 48/48 MP: 7/7
  2087 | D:3      | Found a burning altar of Makhleb.
  2161 | D:3      | Found Wuomoa's General Store.
  2321 | D:3      | Noticed Natasha
  2328 | D:3      | Killed Natasha
  2329 | D:3      | Reached skill level 5 in Fighting
  2433 | D:3      | Found a blossoming altar of Fedhas.
  2501 | D:3      | Found a hide-covered altar of Uskayaw.
  2687 | D:4      | Identified the +8 hunting sling "Tattletale" {speed, rC+
                  | Int+5 Dex+4 Stlth+}
  2718 | D:4      | Found a glowing drain.
  2745 | Sewer    | Entered a sewer
  2785 | Sewer    | Reached skill level 1 in Slings
  3328 | Sewer    | Reached XP level 7. HP: 54/56 MP: 8/8
  3599 | D:4      | HP: 2/56 [gnoll/+0 flail[a gnoll shaman] (4)]
  3606 | D:4      | Slain by a gnoll

Illustrated notes

Levels and vault maps discovered:
D:1:      lightli_arrival_farm, layout_rooms
D:2:      layout_rooms, shapermc_ecumenical_altar_notcrosses, uniq_terence
D:3:      layout_basic, fedhas_altar_fruit_tree, mainiacjoe_overflow_paths,
          overflow_temple_1_default, serial_shops, nicolae_shop_hallway_plus,
          uniq_robin, uniq_natasha
D:4:      layout_gridville, gup_sewer_entry_pipe

Skill      XL: |  1  2  3  4  5  6  7 |
---------------+----------------------+-----
Fighting       | 2 3 4 5 |  5.0
Armour         | 3 |  3.8
Slings         | 2 3 |  3.6
Bows           | |  2.9
Spellcasting   | |  1.1
Hexes          | |  1.2
Invocations    | |  1.1
Evocations     | |  2.1

Action                   |  1- 3 |  4- 6 |  7- 9 || total
-------------------------+-------+-------+-------++-------
 Fire: Shortbow          |    79 |   162 |       ||   241
       Hunting sling     |       |    89 |    30 ||   119
 Cast: Slow              |     3 |       |       ||     3
 Abil: Dig               |       |     4 |       ||     4
  Use: Scroll            |     3 |     2 |       ||     5
       Potion            |       |     1 |     1 ||     2
Armor: Ring mail         |    15 |       |       ||    15
       Chain mail        |       |   119 |    14 ||   133
Dodge: Dodged            |    21 |    88 |    12 ||   121

Table legend: (Time is in decaauts)
 A = Elapsed time spent in this place.
 B = Non-inter-level travel time spent in this place.
 C = Inter-level travel time spent in this place.
 D = Time resting spent in this place.
 E = Time spent auto-exploring this place.
 F = Levels seen in this place.
 G = Mean time per level.
                   A        B        C        D        E       F      G
               +--------+--------+--------+--------+--------+-----+--------+
         Total |   3991 |   3881 |    110 |    160 |   2871 |   5 |  798.2 |
       Dungeon |   3006 |   2896 |    110 |    160 |   2055 |   4 |  751.5 |
         Sewer |    985 |    985 |      0 |      0 |    816 |   1 |  985.0 |
               +--------+--------+--------+--------+--------+-----+--------+

Top non-repeatable levels by time:
     D:3: 1378 daAuts
   Sewer: 985 daAuts
     D:2: 846 daAuts
     D:1: 635 daAuts
     D:4: 145 daAuts
